 Dungeon Crawl Stone Soup version 0.32-a0-391-gce5c0aab1b (webtiles) character file.

Game seed: 2077012469076643901

25 TeaForSurvival the Chopper (level 3, -1/28 HPs)
             Began as a Coglin Gladiator on Feb 19, 2024.
             Slain by a goblin
             ... wielding a +0 dagger
              (2 damage)
             ... on level 1 of the Dungeon.
             The game lasted 00:02:58 (743 turns).

TeaForSurvival the Chopper (Coglin Gladiator)        Turns: 743, Time: 00:02:58

Health: -1/28      AC:  4    Str: 16    XL:     3   Next: 4%
Magic:  3/3        EV: 12    Int:  7    God:
Gold:   11         SH:  0    Dex: 15    Spells: 2/2 levels left

rFire   . . .        a - +0 war axe {Oskar}
rCold   . . .        f - +0 dagger {Amyrtaeus}
rNeg    . . .        b - +0 leather armour
rPois   .            c - +0 helmet
rElec   .            (no cloak)
rCorr   .            (no gloves)
SInv    .            (no boots)
Will    .....        (no amulet)
Stlth   +            (no ring)
HPRegen 0.24/turn    (no ring)
MPRegen 0.08/turn

%: no passive effects
@: no status effects
A: off-hand wielding, slow wielding, warmup strikes, warmup strides
a: no special abilities


You were on level 1 of the Dungeon.
You visited 1 branch of the dungeon, and saw 1 of its levels.

You collected 11 gold pieces.

Inventory:

Hand Weapons
 a - a +0 war axe (weapon) {Oskar}
 f - a +0 dagger (worn) {Amyrtaeus}
Missiles
 d - 4 throwing nets
 e - a javelin (quivered)
Armour
 b - a +0 leather armour (worn)
 c - a +0 helmet (worn)


   Skills:
 + Level 2.4 Fighting
 * Level 3.5 Axes
 - Level 1.8 Throwing
 + Level 3.0 Dodging


You had 2 spell levels left.
You didn't know any spells.
Your spell library was empty.

Dungeon Overview and Level Annotations

Branches:
Dungeon (1/15)

Altars:


Innate Abilities, Weirdness & Mutations

You can wield a second weapon in your off-hand.
It takes a long time for you to wield or remove held weapons.
Your first few attacks do less damage.
Your first movements take longer.


Message History

The kobold hits you with a +0 dagger. The frilled lizard closely misses you.
The rat closely misses you. The goblin completely misses you.
The kobold closely misses you. The bat closely misses you.
The frilled lizard bites you. The rat barely misses you.
The goblin hits you with a +0 dagger. The kobold barely misses you.
The bat closely misses you. The frilled lizard bites you.
* * * LOW HITPOINT WARNING * * *
The goblin hits you with a +0 dagger.
* * * LOW HITPOINT WARNING * * *
The rat bites you but does no damage. The kobold misses you.
The bat barely misses you.
The frilled lizard bites you but does no damage.
The rat bites you but does no damage. The goblin hits you but does no damage.
The kobold hits you but does no damage. The frilled lizard barely misses you.
The goblin hits you but does no damage. The rat barely misses you.
The kobold hits you but does no damage. The bat hits you but does no damage.
The frilled lizard bites you but does no damage.
The rat closely misses you. The goblin hits you but does no damage.
The kobold barely misses you. The bat closely misses you.
The frilled lizard barely misses you. The rat bites you.
* * * LOW HITPOINT WARNING * * *
The goblin misses you. The kobold hits you but does no damage.
The bat hits you.
* * * LOW HITPOINT WARNING * * *
The frilled lizard completely misses you.
The goblin barely misses you. The rat bites you.
* * * LOW HITPOINT WARNING * * *
The kobold hits you but does no damage. The bat closely misses you.
The bat hits you but does no damage. The frilled lizard misses you.
The rat bites you.
* * * LOW HITPOINT WARNING * * *
The goblin closely misses you. The kobold hits you but does no damage.
The bat misses you. The bat hits you but does no damage.
The frilled lizard bites you.
* * * LOW HITPOINT WARNING * * *
The goblin hits you with a +0 dagger.
You die...

# #
######### #
#.......# #
#.......# #
#..g....####
#
#..r@.b.>...
#
#..lK...####
#
#.........#
#.......#...
######### #.


You could see a goblin, a bat, a kobold, a frilled lizard and a rat.

Vanquished Creatures
  2 bats (D:1)
  2 giant cockroaches (D:1)
  A goblin (D:1)
  3 jackals (D:1)
  2 quokkas (D:1)
  A kobold (D:1)
  2 rats (D:1)
13 creatures vanquished.

Notes
Turn   | Place    | Note
-------+----------+-------------------------------------------
     0 | D:1      | TeaForSurvival the Coglin Gladiator began the quest for the
                  | Orb.
     0 | D:1      | Reached XP level 1. HP: 16/16 MP: 1/1
    46 | D:1      | Reached XP level 2. HP: 10/22 MP: 2/2
   608 | D:1      | Reached XP level 3. HP: 27/28 MP: 3/3
   743 | D:1      | HP: 1/28 [frilled lizard (1)]
   743 | D:1      | Slain by a goblin

Illustrated notes

Levels and vault maps discovered:
D:1:      heliophobic_arrival_enchanted_forest, layout_rooms, chequers_arboretum

Skill      XL: |  1  2 |
---------------+-------+-----
Dodging        | 3 |  3.0
Fighting       | |  2.4
Axes           | |  3.5
Throwing       | |  1.8

Action                     || total
---------------------------++-------
  Melee: War axe           ||    34
         Dagger            ||    27
 Armour: Leather armour    ||   223
  Dodge: Dodged            ||   267

Table legend: (Time is in decaauts)
 A = Elapsed time spent in this place.
 B = Non-inter-level travel time spent in this place.
 C = Inter-level travel time spent in this place.
 D = Time resting spent in this place.
 E = Time spent auto-exploring this place.
 F = Levels seen in this place.
 G = Mean time per level.
                   A        B        C        D        E       F      G
               +--------+--------+--------+--------+--------+-----+--------+
         Total |    763 |    760 |      3 |    461 |      0 |   1 |  763.0 |
       Dungeon |    763 |    760 |      3 |    461 |      0 |   1 |  763.0 |
               +--------+--------+--------+--------+--------+-----+--------+

Top non-repeatable levels by time:
     D:1: 763 daAuts
